Cogmind - Beta 17.1 @@@ ROGUE MODE // 2026.08.29 @ 16:38:51 Player: UnderDoug Result: Core destroyed Performance ------------- Evolutions (1) 500 Regions Visited (5) 1000 Robots Destroyed (7) 35 Value Destroyed (118) 118 Prototype IDs (0) 0 Alien Tech Used (0) 0 Bonus (200) 200 TOTAL SCORE: 1853 Bonus ------- Entered Garrisons 200 Cogmind --------- Core Integrity 0/400 Matter 179/300 Energy 100/100 System Corruption 0% Temperature Cool (0) Movement Core (50) Location -9/Garrison Parts ------- > --- POWER (2) -------- (None) > --- PROPULSION (3) --- (None) > --- UTILITY (2) ------ Terrain Scan Processor > --- WEAPON (2) ------- (None) > --- INVENTORY (5) ---- Terrain Scanner Terrain Scan Processor Terrain Scan Processor Medium Laser Improved Light Cannon Peak State ------------ > --- POWER ------------ Light Ion Engine Light Ion Engine > --- PROPULSION ------- Flight Unit Flight Unit Flight Unit > --- UTILITY ---------- Terrain Scanner ECM Suite > --- WEAPON ----------- Light Assault Rifle Improved Light Cannon > --- INVENTORY -------- Seismic Detector Medium Laser Light Assault Rifle [Rating: 10] Favorites ----------- Power Light Ion Engine Engine Light Ion Engine Propulsion Light Treads Treads Light Treads Flight Unit Flight Unit Utility Small Storage Unit Device ECM Suite Storage Small Storage Unit Processor Terrain Scan Processor Weapon Light Assault Rifle Ballistic Gun Light Assault Rifle Ballistic Cannon Improved Light Cannon Build | -11 -10 -10 -9 -9 -9 ------- Run | Yrd Mat Min Mat Sto Gar Slots Evolved 2 | . . . 2 . . Power 1 | . . . 1 . . Propulsion 1 | . . . 1 . . Utility . | . . . . . . Weapon . | . . . . . . Parts Attached 19 | 4 8 1 3 1 2 Power 4 | 1 1 . 1 . 1 Engine 4 | 1 1 . 1 . 1 Core . | . . . . . . Reactor . | . . . . . . Propulsion 6 | 2 2 1 . . 1 Treads 2 | 2 . . . . . Leg . | . . . . . . Wheel . | . . . . . . Hover . | . . . . . . Flight 4 | . 2 1 . . 1 Utility 5 | 1 3 . . 1 . Device 3 | . 3 . . . . Storage 1 | 1 . . . . . Processor 1 | . . . . 1 . Hackware . | . . . . . . Protection . | . . . . . . Artifact . | . . . . . . Weapon 4 | . 2 . 2 . . Energy Gun . | . . . . . . Energy Cannon . | . . . . . . Ballistic Gun 3 | . 2 . 1 . . Ballistic Cannon 1 | . . . 1 . . Launcher . | . . . . . . Special Weapon . | . . . . . . Impact Weapon . | . . . . . . Slashing Weapon . | . . . . . . Piercing Weapon . | . . . . . . Special Melee Weapon . | . . . . . . Unidentified Prototypes . | . . . . . . Parts Lost 9 | . . . . . 9 Power 2 | . . . . . 2 Propulsion 4 | . . . . . 4 Utility 1 | . . . . . 1 Weapon 2 | . . . . . 2 Highest Loss Streak 9 | . . . . . 9 To Critical Strikes . | . . . . . . Average Backups 5 | 7 4 5 3 3 5 Power . | . 1 1 . . . Propulsion 2 | 3 1 1 . . . Utility . | . . 1 1 1 3 Weapon 2 | 2 1 2 1 2 2 Tool/Special . | . . . . . . Unused Backups 7 | . 4 . . . 3 Power . | . . . . . . Propulsion 4 | . 4 . . . . Utility 2 | . . . . . 2 Weapon 1 | . . . . . 1 Tool/Special . | . . . . . . Average Slot Usage (%) 80 | . 83 85 94 100 64 Engine 15 | . 14 14 22 22 15 Treads 4 | . 7 . . . . Flight 22 | . 20 28 30 33 20 Device 16 | . 19 28 22 16 7 Storage 2 | . 3 . . . . Processor 3 | . . . . 5 11 Ballistic Gun 15 | . 17 14 16 22 10 Peak Build Rating 10 | 4 6 6 10 10 10 Average Rating 5 | 3 5 6 8 9 6 On Entrance 5 | . 4 6 6 9 10 Avg Prop Armor Cover (%) . | . . . . . . Naked Turns . | . . . . . . Heaviest Build 12 | 10 12 7 11 11 9 Greatest Support 40 | 40 40 8 12 12 12 Greatest Overweight (x) 1 | . . . . . 1 Average Overweight (x) . | . . . . . . Largest Inventory Capacity 8 | 8 8 5 5 5 5 Average Capacity 6 | 7 5 5 5 5 5 Most Carried 8 | 8 8 5 4 5 5 Average Carried 6 | 7 4 5 2 4 5 Final Capacity 8 | 8 5 5 5 5 5 Final Carried 8 | 8 5 5 3 5 5 Class Distribution -------------------- 84% | Mutant 15% | Scavenger-Mutant Dominant Class ---------------- Mutant | -10/Materials Mutant | -10/Mines Mutant | -9/Materials Scavenger-Mutant | -9/Storage Scavenger-Mutant | -9/Garrison Resources | -11 -10 -10 -9 -9 -9 ----------- Run | Yrd Mat Min Mat Sto Gar Matter Collected 311 | 223 71 . . . 17 Remotely . | . . . . . . Salvage Created 154 | . 118 . . . 36 Parts 17 | . 13 . . . 4 Haulers Intercepted . | . . . . . . Recyclers Shooed . | . . . . . . Parts Field Recycled . | . . . . . . Retrieved Matter . | . . . . . . Parts Self-Destructed . | . . . . . . Prevented . | . . . . . . Parts Restored . | . . . . . . Kills | -11 -10 -10 -9 -9 -9 ------- Run | Yrd Mat Min Mat Sto Gar Combat Hostiles Destroyed 7 | . 5 . . . 2 Guns 7 | . 5 . . . 2 Classes Destroyed 2 | . 2 . . . . Swarmer 5 | . 3 . . . 2 Grunt 2 | . 2 . . . . Best Kill Streak 3 | . 3 . . . 2 Combat Bots Only 3 | . 3 . . . 2 Max Kills in Single Turn 2 | . 2 . . . 1 Gunslinging . | . . . . . . Exploded . | . . . . . . Melee . | . . . . . . Uniques/NPCs Destroyed . | . . . . . . Combat | -11 -10 -10 -9 -9 -9 -------- Run | Yrd Mat Min Mat Sto Gar Hostile Shots Fired 168 | . 37 11 . 1 119 Missed 69 | . 15 7 . . 47 Hits 99 | . 22 4 . 1 72 Melee 2 | . . . . . 2 Projectile 97 | . 22 4 . 1 70 Critical Strikes 5 | . . . . . 5 Damage Taken 950 | . 213 30 . 11 696 Core 474 | . 54 14 . . 406 Absorbed by Shields 32 | . . . . . 32 Core Remaining (%) 86 | 100 . 72 . . . Volleys Fired 41 | . 31 . . . 10 Largest 2 | . 2 . . . 2 Hottest 40 | . 40 . . . 40 Shots Fired 50 | . 38 . . . 12 Gun 50 | . 38 . . . 12 Cannon . | . . . . . . Launcher . | . . . . . . Special . | . . . . . . Kinetic 50 | . 38 . . . 12 Thermal . | . . . . . . Explosive . | . . . . . . Electromagnetic . | . . . . . . Robot Hit Streak 8 | . 8 . . . 2 Robot Miss Streak 4 | . 3 . . . 4 Penetration Max . | . . . . . . Secondary Targets . | . . . . . . Shots Hit Robots 27 | . 23 . . . 4 Core Hits 15 | . 11 . . . 4 Critical Kills . | . . . . . . Critical Parts Destroyed . | . . . . . . Critical Strikes . | . . . . . . Melee Attacks . | . . . . . . Impact . | . . . . . . Slashing . | . . . . . . Piercing . | . . . . . . Sneak Attacks . | . . . . . . Combat Hostiles . | . . . . . . Follow-up Attacks . | . . . . . . Damage Inflicted 250 | . 205 . . . 45 Guns 245 | . 205 . . . 40 Cannons . | . . . . . . Explosions . | . . . . . . Melee . | . . . . . . Ramming 5 | . . . . . 5 Kinetic 245 | . 205 . . . 40 Thermal . | . . . . . . Explosive . | . . . . . . Electromagnetic . | . . . . . . Impact . | . . . . . . Slashing . | . . . . . . Piercing . | . . . . . . Highest Corruption . | . . . . . . Average Corruption . | . . . . . . Corruption Purged . | . . . . . . Corruption Blocked . | . . . . . . Overload Shots . | . . . . . . Overflow Damage . | . . . . . . Projectiles . | . . . . . . Explosions . | . . . . . . Melee . | . . . . . . Knockbacks . | . . . . . . Impact . | . . . . . . Kinetic . | . . . . . . Secondary . | . . . . . . Self-Inflicted Damage 2 | . . . . . 2 Shots . | . . . . . . Rammed 2 | . . . . . 2 Targets Rammed 2 | . . . . . 2 Kicked . | . . . . . . Crushed . | . . . . . . Highest Temperature 13 | . 6 . . . 13 Average Temperature 3 | . 2 . . . 6 Received Heat Transfer 157 | . 63 . . 6 88 Siege Activations . | . . . . . . Martial Activations . | . . . . . . Shielding Activations . | . . . . . . Robots Disrupted . | . . . . . . Combat Hostiles . | . . . . . . Robots Corrupted . | . . . . . . Combat Hostiles . | . . . . . . Parts Fried . | . . . . . . Impact Corruptions . | . . . . . . Robots Melted . | . . . . . . Combat Hostiles . | . . . . . . Parts Melted . | . . . . . . Heat Transferred . | . . . . . . Parts Sabotaged . | . . . . . . Parts Stolen . | . . . . . . Parts Stripped . | . . . . . . Power Chain Reactions . | . . . . . . Alert | -11 -10 -10 -9 -9 -9 ------- Run | Yrd Mat Min Mat Sto Gar Maximum Alert Level . | . . . . . . Low Security (%) 100 | 100 100 100 100 100 100 Level 1 . | . . . . . . Level 2 . | . . . . . . Level 3 . | . . . . . . Level 4 . | . . . . . . Level 5 . | . . . . . . High Security . | . . . . . . Max Security . | . . . . . . Peak Influence 184 | . 70 11 5 15 184 Initial 11 | . . 11 3 1 9 Average 21 | . 39 11 2 1 65 Influence Increases 460 | . 160 . 5 15 280 Destroy 0b10 Robot/C 140 | . 100 . . . 40 Destroy Leader 20 | . 10 . . . 10 Successful Hack 40 | . 35 . 5 . . Anti-Garrison Action 50 | . . . . . 50 Partial Spotted 30 | . 15 . . 15 . Lose Combat Pursuer 180 | . . . . . 180 Influence Decreases 261 | . 130 19 11 5 96 Entered New Map 37 | . . 19 8 4 6 Time Decay 134 | . 130 . 3 1 . Lost Part 90 | . . . . . 90 Squads Dispatched 4 | . 3 . 1 . . Investigation 3 | . 2 . 1 . . Extermination . | . . . . . . Reinforcement 1 | . 1 . . . . Assault . | . . . . . . Garrison . | . . . . . . Intercept . | . . . . . . Searches Triggered . | . . . . . . Construction Impeded . | . . . . . . Haulers Reinforced . | . . . . . . Active Scanning Responses . | . . . . . . Cargo Convoy Interrupts . | . . . . . . Stealth | -11 -10 -10 -9 -9 -9 --------- Run | Yrd Mat Min Mat Sto Gar Distress Signals 2 | . 2 . . . . Communications Jammed . | . . . . . . Distress Signals . | . . . . . . Times Spotted 70 | . 22 4 . 2 42 Peak Tracking Total 19 | . 6 3 . 2 19 Tactical Retreats 9 | . 2 1 . . 6 ECM-based Alert Blocks 23 | . 6 1 . . 16 Traps | -11 -10 -10 -9 -9 -9 ------- Run | Yrd Mat Min Mat Sto Gar Traps Triggered 1 | . . . . . 1 Indirectly . | . . . . . . Trap Hack Attempts . | . . . . . . Triggered . | . . . . . . Disarmed . | . . . . . . Reprogrammed . | . . . . . . Reused . | . . . . . . Traps Extracted . | . . . . . . Installed . | . . . . . . Triggered . | . . . . . . Machines | -11 -10 -10 -9 -9 -9 ---------- Run | Yrd Mat Min Mat Sto Gar Machines Disabled . | . . . . . . Max in Single Turn . | . . . . . . Machines Repaired . | . . . . . . Machines Dismantled . | . . . . . . Machines Sabotaged . | . . . . . . Overloaded Fab Kills . | . . . . . . Hacking | -11 -10 -10 -9 -9 -9 --------- Run | Yrd Mat Min Mat Sto Gar Machines Accessed 12 | . 5 . 3 3 1 Terminals 9 | . 4 . 2 2 1 Fabricators . | . . . . . . Repair Stations . | . . . . . . Recycling Units 2 | . 1 . 1 . . Scanalyzers . | . . . . . . Garrison Access 1 | . . . . 1 . Total Hacks 32 | . 15 . 9 6 2 Successful 13 | . 5 . 6 2 . Failed 19 | . 10 . 3 4 2 Catastrophic 2 | . . . 1 . 1 Database Lockouts . | . . . . . . Manual . | . . . . . . Terminals 25 | . 11 . 8 4 2 Fabricators . | . . . . . . Repair Stations . | . . . . . . Recycling Units 5 | . 4 . 1 . . Scanalyzers . | . . . . . . Garrison Access 2 | . . . . 2 . Terminal Hacks 10 | . 4 . 5 1 . Record 2 | . . . 2 . . Robot Analysis 1 | . . . 1 . . Open Door 1 | . . . . 1 . Branch Access Points 1 | . 1 . . . . Emergency Access Points 1 | . . . 1 . . Alert Level 2 | . 1 . 1 . . Locate Traps 1 | . 1 . . . . Zone Layout 1 | . 1 . . . . Fabricator Hacks . | . . . . . . Repair Station Hacks . | . . . . . . Recycling Unit Hacks 2 | . 1 . 1 . . Report Inventory 2 | . 1 . 1 . . Scanalyzer . | . . . . . . Garrison Access Hacks 1 | . . . . 1 . Unlock Access 1 | . . . . 1 . Unauthorized Hacks . | . . . . . . Terminals . | . . . . . . Fabricators . | . . . . . . Repair Stations . | . . . . . . Recycling Units . | . . . . . . Scanalyzers . | . . . . . . Garrison Access . | . . . . . . Data Cores Recovered . | . . . . . . Used . | . . . . . . Hacking Detections 9 | . 4 . 2 2 1 Full Trace Events 4 | . 2 . 1 . 1 Feedback Events . | . . . . . . Feedback Blocked . | . . . . . . Robot Schematics Acquired . | . . . . . . Robots Built . | . . . . . . Authchips . | . . . . . . Time . | . . . . . . Total Robot Build Rating . | . . . . . . Part Schematics Acquired . | . . . . . . Parts Built . | . . . . . . Authchips . | . . . . . . Time . | . . . . . . Total Part Build Rating . | . . . . . . Part Studies Acquired . | . . . . . . Parts Repaired . | . . . . . . Time . | . . . . . . Parts Recycled . | . . . . . . Recycled Matter . | . . . . . . Retrieved Matter . | . . . . . . Retrieved Components . | . . . . . . Parts Scanalyzed . | . . . . . . Part Schematics Acquired . | . . . . . . Parts Damaged . | . . . . . . Bothacking | -11 -10 -10 -9 -9 -9 ------------ Run | Yrd Mat Min Mat Sto Gar Used RIF Installer . | . . . . . . Robots Hacked . | . . . . . . Non-combat . | . . . . . . Combat . | . . . . . . Robot Hacks Applied . | . . . . . . Relay Couplers Released . | . . . . . . Fabnet Peak Effective % . | . . . . . . Robots Rewired . | . . . . . . Allies Hacked . | . . . . . . Hacks Repelled . | . . . . . . Allies | -11 -10 -10 -9 -9 -9 -------- Run | Yrd Mat Min Mat Sto Gar Total Allies . | . . . . . . Largest Group . | . . . . . . Highest-Rated Group . | . . . . . . Highest-Rated Ally . | . . . . . . Total Orders . | . . . . . . Ally Attacks . | . . . . . . Total Damage . | . . . . . . Kills . | . . . . . . Allies Corrupted . | . . . . . . Allies Melted . | . . . . . . Intel | -11 -10 -10 -9 -9 -9 ------- Run | Yrd Mat Min Mat Sto Gar Active Infowar (turns) 376 | . 219 12 31 27 87 Terrain 204 | . 95 12 31 27 39 Seismic 124 | . 124 . . . . ECM 319 | . 217 12 31 11 48 Robot Analysis Total 1 | . . . 1 . . Derelict Logs Recovered . | . . . . . . Drone Launches . | . . . . . . Drone Recoveries . | . . . . . . Exploration | -11 -10 -10 -9 -9 -9 ------------- Run | Yrd Mat Min Mat Sto Gar Turns Passed 1004 | 483 311 12 31 27 140 Spaces Moved 910 | 103 412 27 63 64 241 Core 65 | 10 . . . . 55 Treads 124 | 93 31 . . . . Legs . | . . . . . . Wheels . | . . . . . . Hover . | . . . . . . Flight 721 | . 381 27 63 64 186 Fastest Speed 34 | 50 37 37 34 34 34 Average Speed 54 | 149 46 37 34 34 42 Slowest Speed 160 | 160 160 37 34 34 117 Overloaded Moves . | . . . . . . Propulsion Burnouts . | . . . . . . Robots Hopped 2 | . 2 . . . . Potential Cave-ins . | . . . . . . Cave-ins Triggered . | . . . . . . Exploration Rate (%) 28 | 7 71 17 9 20 44 Regions Visited 5 Branch Regions 2 Pre-discovered Areas . | . . . . . . Known Exits Taken 2 | . 1 . . 1 . Unknown Exits Taken 3 | 1 . 1 1 . . Scrap Searched . | . . . . . . Spaces Dug . | . . . . . . Terrain Destroyed . | . . . . . . Melee . | . . . . . . Projectile . | . . . . . . AOE . | . . . . . . Terrain Rammed . | . . . . . . Walls Destroyed . | . . . . . . Machines Disabled . | . . . . . . Actions | -11 -10 -10 -9 -9 -9 --------- Run | Yrd Mat Min Mat Sto Gar Total 1370 | 432 505 27 71 68 267 Wait 352 | 314 37 . 1 . . Move 899 | 102 407 26 62 63 239 Hop 2 | . 2 . . . . Pick Up 24 | 12 8 . 1 3 . Fast Attach 3 | . 2 . . . 1 Attach 12 | 4 4 . 4 . . Detach 2 | . 1 . 1 . . Swap 8 | . 2 1 2 1 2 Drop 13 | . 11 . . 1 1 Fire 41 | . 31 . . . 10 Melee . | . . . . . . Ram 1 | . . . . . 1 Kick . | . . . . . . Crush . | . . . . . . Escape Stasis 10 | . . . . . 10 Rewire 3 | . . . . . 3 Trap . | . . . . . . Miscellaneous . | . . . . . . Route ------- -11/Scrapyard -10/Materials (discovered 2 exits: *Min x2) -10/Mines -9/Materials -9/Storage -9/Garrison (discovered 1 exit: [*Rec]) History --------- Turn | Location | Event 10 | -11/Scrapyard | Discovered new exit (range 15) 484 | -11/Scrapyard | Entered Materials 506 | -10/Materials | Build established: Mutant 607 | -10/Materials | Identified exit to Mines 795 | -10/Materials | Entered Mines 804 | -10/Mines | Discovered new exit (range 7) 807 | -10/Mines | Entered Materials 807 | -9/Materials | Evolved 2 slots: Power x1, Propulsion x1 834 | -9/Materials | Discovered new exit (range 7) 838 | -9/Materials | Entered Storage 865 | -9/Storage | Identified exit to Garrison 865 | -9/Storage | Entered Garrison 881 | -9/Garrison | Triggered checkpoint 894 | -9/Garrison | Discovered new exit (range 12) 898 | -9/Garrison | Attempted to access garrison exit controls, blocked by remote lockdown 923 | -9/Garrison | Triggered checkpoint 961 | -9/Garrison | Triggered checkpoint 969 | -9/Garrison | Triggered checkpoint 971 | -9/Garrison | Triggered checkpoint 973 | -9/Garrison | Core integrity fell below 50% 975 | -9/Garrison | Triggered checkpoint 987 | -9/Garrison | Triggered checkpoint 1000 | -9/Garrison | Core integrity fell below 20% 1005 | -9/Garrison | Lost 9 parts (2p4n1u2w) 1005 | -9/Garrison | Core destroyed Last Messages --------------- Field strength at 33. Field strength at 27. Field strength at 19. Field strength at 13. Stasis field depleted. Beams of light sweep through the air. An alarm sounds. Lgt. Ion Engine destroyed. Beams of light sweep through the air. An alarm sounds. Flight Unit destroyed. Beams of light sweep through the air. An alarm sounds. Connecting with Garrison Terminal... ALERT: Suspicious activity at Terminal G005. Transmitting hostile system tracking data. Critical hit (Burn: +37). Attempting to rewire X-57 Shotgunner. Slammed into L-31 Rogue. Destabilizing: Core damaged (-12). Map ----- +----------------------------------------------------+ | ?????????????????????????????????? | | ?????????????????????????????????? | | ?????????????????????????????????? | | ?????????????????????????????????? | | ?????????????????????????????????? | | ?????????????????????????????????? | | ?????????????????????????????????? | | ?????????????????????????????????? | | ?????????????????????????????????? | | ?????????????????????????????????? | | ?????????????????????????????????? | | ?????????????????????????????????? | | ?????????????????????????????????? | | ?????????????????????????????????? | | ?????????????????????????????????? | | ?????????????????????????????????? | | ?????????????????????????????????? | | ?????????????????????????????????? | | ?????????????????????????????????? | | ?????????????????????????????????? | | ?????????????????????????????????? | | ?????????????????????????????????? | | ??????????????????##########?????? | | ###???????????????# l x#?????? | | #???????????????# ssl x#?????? | | #???????????????# s @x#?????? | | #???????????????# #+#####?????? | | #???????????????# # #?????????? | | #???????????????# ###?????????? | | #???????????????# "???????????? | | #???????????????# "???????????? | | ######??????????# "???????????? | | ## #??????????# "???????????? | | ## ############ #???????????? | | #???????????? | | #???????????? | | ####T##### #### + #?????????? | | #??###??#"""""#?# #???????????? | | #???????#######?####???????????? | | #??????????????????????????????? | | #??????????????????????????????? | | #??????????????????????????????? | | #??????????????????????????????? | | #??????????????????????????????? | | ???????????????????????????????? | | ???????????????????????????????? | | ???????????????????????????????? | | ???????????????????????????????? | | ???????????????????????????????? | | ?????????????????????????????????? | +----------------------------------------------------+ Best States ------------- Heat Dissipation 28 Energy Generation 15 Energy Capacity 250 Matter Stores 283 Matter Capacity 300 Sight Range 16 Terrain Scan Range 14 Terrain Scan Density 85 ECM Strength 1 Evasion (%) 63 Recoil Reduction 2 Item Schematics ----------------- None Robot Schematics ------------------ None Fabricated ------------ Nothing Repaired ---------- Nothing Studied --------- None Alien Tech Used ----------------- None Achievements -------------- None Challenges ------------ None Game ------ Seed RocketSingularitySuit Manual? 0 Play Time 00:18:13 Cumulative 2.8 hours Start 2026.08.29 @ 16:21:23 End 2026.08.29 @ 16:38:51 Sessions 1 Manual Loads 0 Difficulty Rogue Special Mode None Game No. 4 Rogue 4 Adventurer 0 Explorer 0 Win Type - Total 0 Types 0/0/0/0/0/0/0/0/0/0 Lore% 10 Gallery% 5 Achievement% 7 Wizard Run 0 Options --------- Layout 1 ASCII 0 Keyboard 0 Movement Numpad Keybinds 0 Fullscreen 2 Font 24/X11 Map View 50x35 Zoom Use 0% Tactical HUD 0 Map Filters NONE Filters NONE Steam 1 RUN: 69ee3ad1-d4bd-4dab-85d4-3d8e14cd0c93